BSA
POCATELLO BOCCABELLAS @ MADISON BOMBERS
03/18/2024
 
TOP OF THE 1ST
Pocatello Boccabellas batting - Pitching for Madison Bombers : RHP Jeong Pak
Pitching: RHP Jeong Pak
Batting: LHB David Monahan 0-0: Fly out, F8 (Flyball, 8LS)
Batting: RHB Jeremy Carr 0-0: Ball
1-0: Ball
2-0: Ball
3-0: Called Strike
3-1: Base on Balls
Batting: RHB Francisco Sandoval 0-0: Ball
1-0: Foul Ball, location: 2F
1-1: Ball
2-1: Swinging Strike
2-2: Strikes out looking
Batting: LHB José Feliciano 0-0: Fly out, F6 (Line Drive, 6MD)
Top of the 1st over - 0 run(s), 0 hit(s), 0 error(s), 1 left on base; Pocatello 0 - Madison 0
BOTTOM OF THE 1ST
Madison Bombers batting - Pitching for Pocatello Boccabellas : RHP Jaime Espinoza
Pitching: RHP Jaime Espinoza
Batting: LHB Robin Hill 0-0: Ball
1-0: Ball
2-0: Ground out 5-3 (Groundball, 56S)
Batting: RHB Sergio Márquez 0-0: Foul Ball, location: 2F
0-1: Ground out 1-3 (Groundball, 34S)
Batting: LHB Seung-chun Mun 0-0: Called Strike
0-1: Swinging Strike
0-2: Ball
1-2: SOLO HOME RUN (Flyball, 9D), Distance : 378 ft
Batting: LHB Sixto Cantú 0-0: Ground out 1-3 (Groundball, 15)
Bottom of the 1st over - 1 run(s), 1 hit(s), 0 error(s), 0 left on base; Pocatello 0 - Madison 1
TOP OF THE 2ND
Pocatello Boccabellas batting - Pitching for Madison Bombers : RHP Jeong Pak
Batting: RHB Enrique Mendoza 0-0: Called Strike
0-1: Ball
1-1: Ground out 6-3 (Groundball, 6)
Batting: RHB Ramiro Ross 0-0: Ball
1-0: Ball
2-0: Ball
3-0: Called Strike
3-1: Fly out, F9 (Flyball, 89M)
Batting: RHB Aaron Holt 0-0: Ball
1-0: Ball
2-0: Called Strike
2-1: Foul Ball, location: 2F
2-2: Ball
3-2: Fly out, F8 (Flyball, 8RM)
Top of the 2nd over - 0 run(s), 0 hit(s), 0 error(s), 0 left on base; Pocatello 0 - Madison 1
BOTTOM OF THE 2ND
Madison Bombers batting - Pitching for Pocatello Boccabellas : RHP Jaime Espinoza
Batting: RHB Vicente Aguirre 0-0: Called Strike
0-1: Foul Ball, location: 2F
0-2: Ball
1-2: Fly out, F9 (Flyball, 9D)
Batting: LHB José Santos 0-0: Ball
1-0: Swinging Strike
1-1: Ground out 5-3 (Groundball, 6S)
Batting: SHB Derek Roach 0-0: Ball
1-0: SINGLE (Groundball, 25) (infield hit)
Batting: LHB Keith Tillman 0-0: Ball
1-0: Ball
2-0: Ball
3-0: Base on Balls
Derek Roach to second
Batting: RHB Quinton Martínez 0-0: Called Strike
0-1: Ground out 4-3 (Groundball, 4)
Bottom of the 2nd over - 0 run(s), 1 hit(s), 0 error(s), 2 left on base; Pocatello 0 - Madison 1
TOP OF THE 3RD
Pocatello Boccabellas batting - Pitching for Madison Bombers : RHP Jeong Pak
Batting: RHB Clyde Kelley 0-0: Swinging Strike
0-1: SINGLE (Groundball, 6MD)
Pitching: LHP Dave Carbone
Batting: LHB Jesús Ramírez 0-0: Ball
1-0: SINGLE (Groundball, 4MD)
Clyde Kelley to second
Batting: LHB David Monahan 0-0: Ball
1-0: Foul Ball, location: 2F
1-1: Ball
2-1: Foul Ball, location: 2F
2-2: Foul Ball, location: 2F
2-2: Grounds into double play, 4-6-3 (Groundball, 4)
Clyde Kelley to third
Batting: RHB Jeremy Carr 0-0: Ball
1-0: Foul Ball, location: 2F
1-1: Fly out, F8 (Flyball, 8LXD)
Top of the 3rd over - 0 run(s), 2 hit(s), 0 error(s), 1 left on base; Pocatello 0 - Madison 1
BOTTOM OF THE 3RD
Madison Bombers batting - Pitching for Pocatello Boccabellas : RHP Jaime Espinoza
Batting: LHB Robin Hill 0-0: Foul Ball, location: 2F
0-1: Fly out, F8 (Flyball, 8RXD)
Batting: RHB Sergio Márquez 0-0: Ball
1-0: Ball
2-0: Ball
3-0: Base on Balls
Batting: LHB Seung-chun Mun 0-0: Fly out, F6 (Popup, 6D)
Batting: LHB Sixto Cantú 0-0: Foul Ball, location: 2F
0-1: Ball
1-1: Fielders Choice at 2nd, 5-4 (Groundball, 56)
Bottom of the 3rd over - 0 run(s), 0 hit(s), 0 error(s), 0 left on base; Pocatello 0 - Madison 1
TOP OF THE 4TH
Pocatello Boccabellas batting - Pitching for Madison Bombers : LHP Dave Carbone
Batting: RHB Francisco Sandoval 0-0: Ball
1-0: Ball
2-0: Foul Ball, location: 2F
2-1: Ball
3-1: Called Strike
3-2: Foul Ball, location: 2F
3-2: Foul Ball, location: 2F
3-2: Fly out, F4 (Popup, 4D)
Batting: LHB José Feliciano 0-0: Called Strike
0-1: Ball
1-1: Swinging Strike
1-2: Ball
2-2: Strikes out looking
Batting: RHB Enrique Mendoza 0-0: Ball
1-0: Fly out, F8 (Flyball, 8LM)
Top of the 4th over - 0 run(s), 0 hit(s), 0 error(s), 0 left on base; Pocatello 0 - Madison 1
BOTTOM OF THE 4TH
Madison Bombers batting - Pitching for Pocatello Boccabellas : RHP Jaime Espinoza
Batting: RHB Vicente Aguirre 0-0: Called Strike
0-1: Ball
1-1: Ball
2-1: Ball
3-1: Base on Balls
Batting: LHB José Santos 0-0: Called Strike
0-1: Foul Ball, location: 2F
0-2: Ball
1-2: Ball
2-2: Fielders Choice at 2nd, 4-6 (Groundball, 4M)
Batting: SHB Derek Roach 0-0: DOUBLE (Flyball, 89D)
José Santos to third
Runner from 3rd tries for Home, throw and OUT!
Batting: LHB Keith Tillman 0-0: SINGLE (Groundball, 4M)
Derek Roach to third
Runner from 3rd tries for Home, SAFE, no throw or cutoff
Batting: RHB Quinton Martínez 0-0: Called Strike
0-1: Foul Ball, location: 2F
0-2: Ground out 5-3 (Groundball, 5)
Bottom of the 4th over - 1 run(s), 2 hit(s), 0 error(s), 1 left on base; Pocatello 0 - Madison 2
TOP OF THE 5TH
Pocatello Boccabellas batting - Pitching for Madison Bombers : LHP Dave Carbone
Batting: RHB Ramiro Ross 0-0: SOLO HOME RUN (Flyball, 7LD), Distance : 360 ft
Batting: RHB Aaron Holt 0-0: Called Strike
0-1: Called Strike
0-2: Fly out, F9 (Line Drive, 9S)
Batting: RHB Clyde Kelley 0-0: Swinging Strike
0-1: Foul Ball, location: 2F
0-2: Ball
1-2: Ball
2-2: SINGLE (Groundball, 6D)
Batting: LHB Jesús Ramírez 0-0: Ball
1-0: Fly out, F2 (Popup, 25F)
Batting: LHB David Monahan 0-0: Ball
1-0: Ball
2-0: Fly out, F9 (Flyball, 89M)
Top of the 5th over - 1 run(s), 2 hit(s), 0 error(s), 1 left on base; Pocatello 1 - Madison 2
BOTTOM OF THE 5TH
Madison Bombers batting - Pitching for Pocatello Boccabellas : RHP Jaime Espinoza
Pitching: RHP José Navarro
Batting: LHB Robin Hill 0-0: Ball
1-0: Ball
2-0: Called Strike
2-1: Foul Ball, location: 2F
2-2: Ground out U3 (Groundball, 3L)
Batting: RHB Sergio Márquez 0-0: Called Strike
0-1: Foul Ball, location: 2F
0-2: Fly out, F7 (Flyball, 7S)
Batting: LHB Seung-chun Mun 0-0: Ball
1-0: Ball
2-0: Ball
3-0: Called Strike
3-1: Called Strike
3-2: Foul Ball, location: 2F
3-2: Fly out, F8 (Flyball, 8LS)
Bottom of the 5th over - 0 run(s), 0 hit(s), 0 error(s), 0 left on base; Pocatello 1 - Madison 2
TOP OF THE 6TH
Pocatello Boccabellas batting - Pitching for Madison Bombers : LHP Dave Carbone
Batting: RHB Jeremy Carr 0-0: Ball
1-0: Swinging Strike
1-1: Ball
2-1: Ball
3-1: DOUBLE (Groundball, 3L)
Batting: RHB Francisco Sandoval 0-0: Called Strike
0-1: Fly out, F9 (Flyball, 9M)
Batting: LHB José Feliciano 0-0: Ground out 3-1 (Groundball, 34S)
Jeremy Carr to third
Batting: RHB Enrique Mendoza 0-0: Ball
1-0: Ground out 6-3 (Groundball, 56)
Top of the 6th over - 0 run(s), 1 hit(s), 0 error(s), 1 left on base; Pocatello 1 - Madison 2
BOTTOM OF THE 6TH
Madison Bombers batting - Pitching for Pocatello Boccabellas : RHP Jesse Moser
Pitching: RHP Jesse Moser
Batting: LHB Sixto Cantú 0-0: Ball
1-0: Ball
2-0: Ball
3-0: Called Strike
3-1: Base on Balls
Batting: RHB Vicente Aguirre 0-0: Ball
1-0: Foul Ball, location: 2F
1-1: Called Strike
1-2: Fly out, F4 (Popup, 4MD)
Batting: LHB José Santos 0-0: Called Strike
0-1: Called Strike
0-2: Foul Ball, location: 2F
0-2: Ball
1-2: Ball
2-2: Reached on error, E4 (Groundball, 34)
Sixto Cantú to second
Batting: SHB Derek Roach 0-0: Called Strike
0-1: Ball
1-1: Called Strike
1-2: Ball
2-2: Ball
3-2: Strikes out swinging
Batting: LHB Keith Tillman 0-0: Ball
1-0: DOUBLE (Line Drive, 4MD)
Sixto Cantú scores
José Santos to third
Batting: RHB Quinton Martínez 0-0: Called Strike
0-1: Ball
1-1: Called Strike
1-2: Ball
2-2: Ball
Wild Pitch!
José Santos scores
Keith Tillman to third
3-2: Strikes out swinging
Bottom of the 6th over - 2 run(s), 1 hit(s), 1 error(s), 1 left on base; Pocatello 1 - Madison 4
TOP OF THE 7TH
Pocatello Boccabellas batting - Pitching for Madison Bombers : LHP Dave Carbone
Pitching: RHP Gregg Lewis
Batting: RHB Ramiro Ross 0-0: Ball
1-0: Foul Ball, location: 2F
1-1: SINGLE (Line Drive, 7LS)
Batting: RHB Aaron Holt 0-0: Called Strike
0-1: Ball
1-1: SINGLE (Groundball, 6D)
Ramiro Ross to second
Batting: RHB Clyde Kelley 0-0: Foul Ball, location: 2F
0-1: SINGLE (Groundball, 3S)
Ramiro Ross to third
Aaron Holt to second
Runner from 3rd tries for Home, SAFE, throw made home
Aaron Holt to third
Clyde Kelley to second
Pinch Hitting: RHB Marlon Phipps 0-0: Ground out 5-3 (Groundball, 56)
Aaron Holt scores
Pinch Hitting: LHB Juan Cortés 0-0: Called Strike
0-1: Ball
1-1: Called Strike
1-2: Strikes out swinging
Pinch Hitting: LHB Norberto Muńóz 0-0: Ball
1-0: Foul Ball, location: 2F
1-1: Called Strike
1-2: Ball
2-2: Ball
3-2: 2-RUN HOME RUN (Flyball, 78D), Distance : 428 ft
Batting: SHB Esteban Silva 0-0: Ball
1-0: Ball
2-0: Ball
3-0: Base on Balls
Pitching: RHP Bartolo Romo
Batting: LHB José Feliciano 0-0: Ball
1-0: SINGLE (Groundball, 34)
Esteban Silva to second
Runner from 2nd tries for 3rd, SAFE, throw made to third
Pinch Hitting: RHB Ernesto Acosta 0-0: Ball
1-0: Swinging Strike
1-1: Called Strike
1-2: Strikes out looking
Top of the 7th over - 4 run(s), 5 hit(s), 0 error(s), 2 left on base; Pocatello 5 - Madison 4
BOTTOM OF THE 7TH
Madison Bombers batting - Pitching for Pocatello Boccabellas : RHP Jesse Moser
Now at SS: Pete Harvey
Now in LF: Norberto Muńóz
Now in CF: Pete Carter
Now in RF: Juan Cortés
Pinch Hitting: RHB Pablo Gonzáles 0-0: Ball
1-0: Foul Ball, location: 2F
1-1: Fly out, F8 (Flyball, 8RXD)
Pinch Hitting: LHB Avery Hopkins 0-0: Ball
1-0: Ball
2-0: Ball
3-0: Reached on error, E5 (Groundball, 56)
Pinch Hitting: SHB Michael McDonald 0-0: Ball
1-0: Ball
2-0: Called Strike
Avery Hopkins steals 2nd base
2-1: Called Strike
2-2: Ball
3-2: Strikes out looking
Pinch Hitting: RHB Edward Franks 0-0: Swinging Strike
0-1: Ball
1-1: Swinging Strike
1-2: Strikes out swinging
Bottom of the 7th over - 0 run(s), 0 hit(s), 1 error(s), 1 left on base; Pocatello 5 - Madison 4
TOP OF THE 8TH
Pocatello Boccabellas batting - Pitching for Madison Bombers : RHP Bartolo Romo
Now at 1B: Pablo Gonzáles
Now at SS: Edward Franks
Now in LF: Avery Hopkins
Now in CF: Mike Freake
Pinch Hitting: RHB José Delgado 0-0: Called Strike
0-1: Swinging Strike
0-2: Ball
1-2: Fly out, F9 (Flyball, 9M)
Pinch Hitting: RHB Keith Kirkpatrick 0-0: Ball
1-0: Foul Ball, location: 2F
1-1: Foul Ball, location: 2F
1-2: Ball
2-2: Ball
3-2: Ground out 4-3 (Groundball, 13)
Pinch Hitting: RHB Pedro Guzmán 0-0: Swinging Strike
Error on foul ball, E2
0-2: Ball
1-2: Foul Ball, location: 2F
1-2: Ground out 5-3 (Groundball, 56S)
Top of the 8th over - 0 run(s), 0 hit(s), 1 error(s), 0 left on base; Pocatello 5 - Madison 4
BOTTOM OF THE 8TH
Madison Bombers batting - Pitching for Pocatello Boccabellas : RHP Jesse Moser
Pitching: RHP Kevin Bush
Now at 1B: Pedro Guzmán
Now at 2B: José Delgado
Now at 3B: Sugita Ito
Batting: RHB Bailey Ramsey 0-0: Ball
1-0: Foul Ball, location: 2F
1-1: Ground out 5-3 (Groundball, 56S)
Pinch Hitting: LHB John Latham 0-0: Foul Ball, location: 2F
0-1: Swinging Strike
0-2: Ball
1-2: Foul Ball, location: 2F
1-2: Strikes out swinging
Batting: SHB Derek Roach 0-0: Foul Ball, location: 2F
0-1: Ball
1-1: Ground out 1-3 (Groundball, 13)
Bottom of the 8th over - 0 run(s), 0 hit(s), 0 error(s), 0 left on base; Pocatello 5 - Madison 4
TOP OF THE 9TH
Pocatello Boccabellas batting - Pitching for Madison Bombers : RHP Bartolo Romo
Now in RF: John Latham
Batting: LHB Pete Carter 0-0: Ball
1-0: Foul Ball, location: 2F
1-1: SINGLE (Groundball, 34D)
Batting: LHB Juan Cortés 0-0: Called Strike
0-1: Swinging Strike
0-2: Strikes out swinging
Batting: LHB Norberto Muńóz 0-0: Called Strike
0-1: Called Strike
0-2: Ball
1-2: Strikes out looking
Batting: SHB Esteban Silva 0-0: Called Strike
0-1: Ball
1-1: Ball
2-1: Called Strike
2-2: Ball
3-2: DOUBLE (Flyball, 7LM)
Pete Carter to third
Pete Carter scores
Pinch Hitting: SHB Guillermo Ortíz 0-0: Swinging Strike
0-1: Ball
1-1: Called Strike
1-2: Ball
2-2: Strikes out swinging
Top of the 9th over - 1 run(s), 2 hit(s), 0 error(s), 1 left on base; Pocatello 6 - Madison 4
BOTTOM OF THE 9TH
Madison Bombers batting - Pitching for Pocatello Boccabellas : RHP Kevin Bush
Pitching: RHP Adrián Martínez
Now at C: Guillermo Ortíz
Pinch Hitting: RHB Miguel Hernández 0-0: Ball
1-0: Called Strike
1-1: Called Strike
1-2: DOUBLE (Line Drive, 8LM)
Batting: RHB Quinton Martínez 0-0: Ball
1-0: Ball
2-0: Called Strike
2-1: Called Strike
2-2: Strikes out swinging
Batting: RHB Pablo Gonzáles 0-0: Swinging Strike
0-1: Ball
1-1: Ball
2-1: Foul Ball, location: 2F
2-2: Foul Ball, location: 2F
2-2: Strikes out swinging
Batting: LHB Avery Hopkins 0-0: Foul Ball, location: 2F
0-1: Foul Ball, location: 2F
0-2: Ball
1-2: Foul Ball, location: 2F
1-2: Ground out 6-3 (Groundball, 6)
Bottom of the 9th over - 0 run(s), 1 hit(s), 0 error(s), 1 left on base; Pocatello 6 - Madison 4
This league is powered by Out of the Park Baseball, the baseball management simulation game for PC, Mac and Linux
Saturday, April 9th, 2016 - OOTP Baseball 16.8 Build 38